 Dungeon Crawl Stone Soup version 0.24-a0-525-g9231cdcba1 (webtiles) character file.

Game seed: 3675939889430741422

5057 Arang the Agent of Entropy (level 10, -1/84 HPs)
             Began as a Demonspawn Abyssal Knight on Aug 4, 2019.
             Was a Priest of Lugonu.
             Slain by a yak (10 damage)
             ... in an ice cave.
             The game lasted 00:45:17 (11586 turns).

Arang the Agent of Entropy (DsAK)                  Turns: 11586, Time: 00:45:19

Health: -1/84      AC: 16    Str: 24    XL:     10   Next: 31%
Magic:  0/15       EV:  8    Int: 13    God:    Lugonu [***...]
Gold:   155        SH:  0    Dex:  8    Spells: 9/9 levels left

rFire    + . .     SeeInvis .   g - +1 quarterstaff of Gaemn {pain, Fragile rPois Str+8 Dex-5}
rCold    + + .     Gourm    +   (shield currently unavailable)
rNeg     . . .     Faith    .   B - +0 chain mail
rPois    +         Spirit   +   (helmet restricted)
rElec    .         Reflect  .   h - +0 cloak
rCorr    .         Harm     .   (no gloves)
MR       .....                  (no boots)
Stlth    ..........             y - amulet of the gourmand
HPRegen  0.24/turn              O - ring of protection from cold
MPRegen  0.28/turn              A - ring of protection from cold

@: no status effects
A: antennae 1, claws 1, molten scales 3, robust 1, magic shield, magic
regeneration
a: Depart the Abyss, Bend Space, Banish, Renounce Religion


You were in an ice cave.
You worshipped Lugonu.
Lugonu was most pleased with you.
You were completely stuffed.

You visited 1 branch of the dungeon, and saw 9 of its levels.
You visited the Abyss 1 time.
You also visited: Ice Cave.

You collected 415 gold pieces.
You spent 260 gold pieces at shops.

Inventory:

Hand Weapons
 a - a +1 spear
 g - the +1 quarterstaff of Gaemn (weapon) {pain, Fragile rPois Str+8 Dex-5}
   (You found it on level 7 of the Dungeon)

   In the hands of one skilled in necromantic magic, it inflicts extra damage on
   living creatures.
   It affects your strength (+8).
   It affects your dexterity (-5).
   It protects you from poison.
   It will be destroyed if unequipped.
 F - a +0 trident
Missiles
 C - 7 boomerangs
 G - 6 poisoned darts (quivered)
 M - 2 throwing nets
Armour
 f - a +0 scale mail
 h - a +0 cloak (worn)
 u - a +1 robe of magic resistance
 B - a +0 chain mail (worn)
Jewellery
 j - an uncursed ring of ice
 l - an uncursed ring of positive energy
 o - a +3 ring of evasion
 p - an uncursed amulet of faith
 s - an uncursed ring of magical power
 y - an amulet of the gourmand (around neck)
 A - a ring of protection from cold (right claw)
 D - an uncursed ring of fire
 O - a ring of protection from cold (left claw)
Wands
 r - a wand of iceblast (6)
 x - a wand of digging (5)
Scrolls
 d - a scroll of enchant armour {unknown}
 i - 4 scrolls of blinking
 m - 4 scrolls of teleportation
 w - 2 scrolls of remove curse
 E - a scroll of amnesia {unknown}
 J - a scroll of magic mapping {unknown}
 L - a scroll of immolation {unknown}
Potions
 b - a potion of heal wounds
 k - a potion of magic
 q - a potion of curing
 t - a potion of agility {unknown}
 v - 2 potions of cancellation
 z - 2 potions of flight
 H - a potion of resistance {unknown}
 I - a potion of brilliance {unknown}
Comestibles
 c - 14 rations
 N - 15 chunks of flesh


   Skills:
 + Level 6.9 Fighting
 * Level 7.7 Polearms
 - Level 0.7(4.8) Staves
 - Level 5.2 Throwing
 + Level 7.4 Armour
 - Level 0.8 Dodging
 - Level 7.7 Invocations


You had 9 spell levels left.
You didn't know any spells.
Your spell library contained the following spells:

 Spells                   Type           Power        Failure   Level  Hunger
 Beastly Appendage        Tmut           #.....       88%         1    ##.....
 Confusing Touch          Hex            #.....       88%         1    ##.....
 Sticks to Snakes         Tmut           #.......     95%         2    ###....
 Confuse                  Hex            #.......     99%         3    ####...
 Gell's Gravitas          Tloc           #.........   99%         3    ####...
 Spider Form              Tmut/Pois      #.........   99%         3    ####...
 Cause Fear               Hex            #.........   100%        4    #####..
 Ice Form                 Ice/Tmut       #.......     100%        4    #####..
 Petrify                  Tmut/Erth      #.......     100%        4    #####..
 Blade Hands              Tmut           #.........   100%        5    ######.
 Metabolic Englaciation   Hex/Ice        #.........   100%        5    ######.
 Silence                  Hex/Air        #.........   100%        5    ######.
 Yara's Violent Unravell  Hex/Tmut       #.........   100%        5    ######.
 Deflect Missiles         Chrm/Air       #.........   100%        6    #######
 Discord                  Hex            #.........   100%        8    #######


Dungeon Overview and Level Annotations

Branches:
Dungeon (11/15)            Temple (0/1) D:7            Lair (0/6) D:8
    Orc: D:9-12

Altars:
Dithmenos
Makhleb
Nemelex Xobeh
Okawaru
Sif Muna
Uskayaw
Yredelemnul

Shops:
D:6 *

Annotations:
D:2 exclusion: downstairs
D:4 exclusion: door
D:6 exclusion: downstairs
D:7 exclusion: 2 downstairs
D:8 exclusion: downstairs
Abyss:1 Harold


Innate Abilities, Weirdness & Mutations

You have a pair of small antennae on your head.
You are completely covered in molten scales. (AC +4, rF+)
When hurt, damage is shared between your health and your magic reserves.
You regenerate magic rapidly.
You have sharp fingernails.
You are robust. (+10% HP)


Message History

* * * LOW HITPOINT WARNING * * *
The wolf misses you.
You feel much better. The wolf barely misses you. The wolf bites you.
The yak gores you!
* * * LOW HITPOINT WARNING * * *
The wolf bites you.
* * * LOW HITPOINT WARNING * * *
The wolf bites you but does no damage.
You hit the yak.
The yak is heavily wounded.
The wolf barely misses you. The wolf bites you!
* * * LOW HITPOINT WARNING * * *
The yak gores you but does no damage. The wolf barely misses you.
The wolf bites you but does no damage.
Your chain mail prevents you from hitting the yak.
The yak is heavily wounded.
The wolf bites you but does no damage. The wolf bites you.
* * * LOW HITPOINT WARNING * * *
The yak gores you!
You die...

#### ##
##..##
##..##....##
#..........#
.......∩.h.#
..##....(Y@#
###...h##
##.(## ####


You could see a yak and 2 wolves.

Vanquished Creatures
  A rime drake (D:11)
  2 polar bears (D:11)
  A wyvern (D:7)
  3 yaks (D:11)
  A steam dragon (D:8)
  2 orc warriors
  A black bear (D:7)
  3 ogres
  A phantom (D:7)
  2 wolves
  3 centaurs
  A bullfrog (D:5)
  A wyvern skeleton (D:6)
  2 scorpions
  5 killer bees (D:8)
  2 howler monkeys
  4 crimson imps
  A quasit (D:8)
  2 centaur zombies
  6 orc priests
  5 hounds
  7 orc wizards
  2 centaur skeletons
  2 iguanas
  3 worker ants
  Robin (D:1)
  10 adders
  A shadow imp (D:7)
  An ooze (D:1)
  2 adder skeletons (D:5)
  2 worms
  A dart slug (D:1)
  2 leopard geckos
  31 orcs
  4 giant cockroaches
  2 gnoll zombies (D:3)
  16 goblins
  5 hobgoblins
  6 jackals
  3 quokkas
  A ball python (D:3)
  8 bats
  4 frilled lizards
  5 kobolds (D:1)
  9 rats
177 creatures vanquished.

Vanquished Creatures (others)
  An ice dragon (D:11)
  7 plants (D:8)
8 creatures vanquished.

Grand Total: 185 creatures vanquished

Notes
Turn   | Place    | Note
-------+----------+-------------------------------------------
     0 | Abyss:1  | Arang the Demonspawn Abyssal Knight began the quest for the
                  | Orb.
     0 | Abyss:1  | Reached XP level 1. HP: 18/18 MP: 2/2
    89 | Abyss:1  | Noticed a neqoxec
    89 | Abyss:1  | Noticed an apocalypse crab
    90 | D:1      | Escaped the Abyss
   123 | D:1      | Reached * piety under Lugonu
   368 | D:1      | Gained mutation: You are partially covered in molten
                  | scales. (AC +2) [demonic ancestry]
   368 | D:1      | Reached XP level 2. HP: 24/24 MP: 3/3
   733 | D:1      | Reached XP level 3. HP: 29/29 MP: 4/4
  1071 | D:2      | Found a shadowy altar of Dithmenos.
  1102 | D:2      | Noticed Robin
  1253 | D:1      | Killed Robin
  1361 | D:1      | Gained mutation: When hurt, damage is shared between your
                  | health and your magic reserves. [demonic ancestry]
  1361 | D:1      | Reached XP level 4. HP: 37/37 MP: 5/5
  1389 | D:1      | Reached ** piety under Lugonu
  1817 | D:2      | Gained mutation: You are mostly covered in molten scales.
                  | (AC +3) [demonic ancestry]
  1817 | D:2      | Reached XP level 5. HP: 39/42 MP: 4/6
  2709 | D:3      | Found an iron altar of Okawaru.
  3023 | D:3      | Found a sparkling altar of Nemelex Xobeh.
  3324 | D:3      | Found a basalt altar of Yredelemnul.
  3389 | D:3      | Found a burning altar of Makhleb.
  3389 | D:3      | Found an iron altar of Okawaru.
  3619 | D:4      | Noticed an ogre
  3870 | D:4      | Noticed an ogre
  3923 | D:4      | Killed an ogre
  3923 | D:4      | Gained mutation: You have a pair of small antennae on your
                  | head. [demonic ancestry]
  3923 | D:4      | Reached XP level 6. HP: 16/48 MP: 6/7
  4828 | D:3      | Found a burning altar of Makhleb.
  4828 | D:3      | Found an iron altar of Okawaru.
  4853 | D:3      | Found a sparkling altar of Nemelex Xobeh.
  4977 | D:3      | Found an iron altar of Okawaru.
  5048 | D:3      | Found a basalt altar of Yredelemnul.
  5980 | D:5      | Entered Level 5 of the Dungeon
  6017 | D:5      | Gained mutation: You regenerate magic rapidly. [demonic
                  | ancestry]
  6017 | D:5      | Reached XP level 7. HP: 55/55 MP: 8/8
  6531 | D:5      | Reached skill level 5 in Polearms
  6531 | D:5      | Reached skill level 1 in Throwing
  7158 | D:6      | Found Tyggutoy's Assorted Antiques.
  7164 | D:6      | Bought a pearl ring for 130 gold pieces
  7164 | D:6      | Bought an ivory ring for 130 gold pieces
  7168 | D:6      | Noticed a -1 hand axe
  7169 | D:6      | Noticed a +0 dagger
  7170 | D:6      | Found a hide-covered altar of Uskayaw.
  7390 | D:5      | Reached *** piety under Lugonu
  7770 | D:6      | Reached skill level 5 in Armour
  7770 | D:6      | Gained mutation: You are completely covered in molten
                  | scales. (AC +4, rF+) [demonic ancestry]
  7770 | D:6      | Reached XP level 8. HP: 59/61 MP: 9/9
  7816 | D:6      | Noticed Grinder
  7828 | D:6      | Found a deep blue altar of Sif Muna.
  8088 | D:6      | Reached skill level 5 in Fighting
  8846 | D:7      | Got an ichor-stained quarterstaff
  8859 | D:7      | Identified the +1 quarterstaff of Gaemn {pain, Fragile
                  | rPois Str+8 Dex-5} (You found it on level 7 of the Dungeon)
  9390 | D:7      | Found a staircase to the Ecumenical Temple.
  9946 | D:8      | Found a staircase to the Lair.
  9946 | D:8      | Noticed a komodo dragon
 10168 | D:8      | Reached XP level 9. HP: 63/68 MP: 12/12
 10189 | D:8      | Reached skill level 5 in Invocations
 10478 | D:8      | Noticed Harold
 11048 | D:8      | Banished Harold
 11048 | D:8      | Reached skill level 5 in Throwing
 11166 | D:8      | You fall into a shaft and drop 3 floors!
 11169 | D:11     | Gained mutation: Your muscles are strong. (Str +2) [potion
                  | of mutation]
 11169 | D:11     | Gained mutation: You have a pair of antennae on your head.
                  | [potion of mutation]
 11170 | D:11     | Lost mutation: Your muscles are strong. (Str +2) [potion of
                  | mutation]
 11170 | D:11     | Lost mutation: You have a pair of antennae on your head.
                  | [potion of mutation]
 11170 | D:11     | Gained mutation: You do not regenerate when monsters are
                  | visible. [potion of mutation]
 11170 | D:11     | Gained mutation: Your spells are a little harder to cast,
                  | but a little more powerful. [potion of mutation]
 11171 | D:11     | Lost mutation: Your spells are a little harder to cast, but
                  | a little more powerful. [potion of mutation]
 11171 | D:11     | Lost mutation: You do not regenerate when monsters are
                  | visible. [potion of mutation]
 11171 | D:11     | Gained mutation: You have sharp fingernails. [potion of
                  | mutation]
 11171 | D:11     | Gained mutation: You are robust. (+10% HP) [potion of
                  | mutation]
 11351 | D:11     | Reached XP level 10. HP: 57/84 MP: 15/15
 11365 | D:11     | Found a frozen archway.
 11369 | D:11     | Noticed an ice dragon
 11383 | D:11     | Banished an ice dragon
 11565 | IceCv    | Entered an ice cave
 11586 | IceCv    | Slain by a yak

Levels and vault maps discovered:
D:1:      dpeg_arrival_ternary, layout_rooms
D:2:      layout_basic, grunt_dithmenos_smoke_and_mirrors, uniq_robin
D:3:      layout_loops_ring, lemuel_zombie_altar_yredelemnul,
          nemelex_xobeh_ov_fountains_minmay, gammafunk_temple_overflow_elements,
          kennysheep_small_spiral, okawaru_metal_pillars_3
D:4:      layout_gridville
D:5:      layout_loops_corners, first_ration
D:6:      layout_layer_cave, dancing_weapons_uskayaw, led_sif_pool,
          serial_shops, shop, uniq_grinder
D:7:      layout_loops_ring, minmay_temple_entry_overgrown,
          palyth_stone_intersect
D:8:      cheibrodos_helix_gallery, layout_loops_ring, david_lair_shrubbed,
          uniq_harold
D:11:     layout_cave_pools, erik_orc_4,
          portal_ice_cave_entry_animals_and_master
IceCv:    ice_cave_small_giant

Skill      XL: |  1  2  3  4  5  6  7  8  9 10 |
---------------+-------------------------------+-----
Polearms       | 2 3 4 5 6 7 |  7.7
Armour         | 2 3 4 5 6 7 |  7.4
Fighting       | 4 5 6 |  6.9
Throwing       | 2 3 5 |  5.2
Invocations    | 4 6 7 |  7.7
Staves         | |  0.7
Dodging        | |  0.8

Action                   |  1- 3 |  4- 6 |  7- 9 | 10-12 || total
-------------------------+-------+-------+-------+-------++-------
Melee: Spear             |   143 |   283 |   173 |       ||   599
       Trident           |       |       |    68 |       ||    68
       Quarterstaff      |       |       |   259 |    69 ||   328
Throw: Dart              |       |    16 |    83 |     2 ||   101
       Boomerang         |       |       |    54 |     3 ||    57
Invok: Depart the Abyss  |     1 |       |       |       ||     1
       Banish            |       |       |     2 |     1 ||     3
  Use: Potion            |       |     1 |     3 |     5 ||     9
       Scroll            |       |       |    11 |       ||    11
 Stab: Distracted        |     1 |       |       |       ||     1
       Sleeping          |     1 |       |       |       ||     1
  Eat: Chunk             |     2 |    11 |    26 |     2 ||    41
       Ration            |       |     1 |       |       ||     1
Armor: Leather armour    |    36 |       |       |       ||    36
       Scale mail        |    24 |   125 |     6 |       ||   155
       Chain mail        |       |       |   272 |    86 ||   358
Dodge: Dodged            |   101 |    94 |   260 |    52 ||   507

Table legend:
 A = Non-vault XP
 B = Vault XP
 C = Vault XP percentage of total XP
 D = Non-vault monster count
 E = Vault monster count
 F = Vault count percentage of total count
                 A         B        C        D         E       F
            +---------+---------+-------+---------+---------+-------
      Total |    4198 |    3027 |  41.9 |     152 |      27 |  15.1
            +---------+---------+-------+---------+---------+-------
        D:1 |      75 |      31 |  29.2 |      34 |       9 |  20.9
        D:2 |     108 |       6 |   5.3 |      12 |       3 |  20.0
        D:3 |     162 |       3 |   1.8 |      17 |       2 |  10.5
        D:4 |     336 |       0 |   0.0 |       7 |       0 |   0.0
        D:5 |     395 |       0 |   0.0 |      15 |       0 |   0.0
        D:6 |     573 |       0 |   0.0 |      18 |       0 |   0.0
        D:7 |     983 |       0 |   0.0 |      24 |       0 |   0.0
        D:8 |    1483 |     678 |  31.4 |      23 |       2 |   8.0
       D:11 |      83 |    2193 |  96.4 |       2 |      10 |  83.3
      IceCv |       0 |     116 | 100.0 |       0 |       1 | 100.0
            +---------+---------+-------+---------+---------+-------
